 Dungeon Crawl Stone Soup version 0.27-a0-1188-g73eefd5def (webtiles) character file.

Game seed: 16178493589437602045

349 leviel the Chopper (level 6, 0/61 HPs)
             Began as a Minotaur Monk on May 21, 2021.
             Succumbed to a water moccasin's poison
             ... on level 5 of the Dungeon.
             The game lasted 00:05:00 (3343 turns).

leviel the Chopper (Minotaur Monk)                  Turns: 3343, Time: 00:05:00

Health: 0/61       AC:  5    Str: 17    XL:     6   Next: 33%
Magic:  5/5        EV:  8    Int:  7    God:
Gold:   176        SH:  0    Dex: 15    Spells: 5/5 levels left

rFire    . . .     SeeInvis .   a - +0 hand axe
rCold    . . .     Faith    .   (no shield)
rNeg     + . .     Spirit   .   i - +1 chain mail
rPois    .         Reflect  .   (helmet restricted)
rElec    .         Harm     .   (no cloak)
rCorr    .         Rampage  .   (no gloves)
Will     .....                  (no boots)
Stlth    ..........             (no amulet)
HPRegen  0.20/turn              g - ring of positive energy
MPRegen  0.09/turn              (no ring)

@: lethally poisoned (0 -> -7), corroded
A: horns 2, retaliatory headbutt, agile 1, robust 1
a: no special abilities


You were on level 5 of the Dungeon.
You visited 1 branch of the dungeon, and saw 5 of its levels.

You collected 176 gold pieces.

Inventory:

Hand Weapons
 a - a +0 hand axe (weapon)
Missiles
 l - 2 throwing nets (quivered)
Armour
 i - a +1 chain mail (worn)
Jewellery
 g - a ring of positive energy (left hand)
Scrolls
 d - 2 scrolls of teleportation {unknown}
 e - 3 scrolls of immolation {unknown}
 h - a scroll of holy word
 k - a scroll of noise {unknown}
Potions
 c - a potion of ambrosia {unknown}
 j - 2 potions of magic {unknown}


   Skills:
 + Level 5.3 Fighting
 * Level 6.6 Axes
 + Level 4.8 Dodging
 - Level 1.5 Stealth


You had 5 spell levels left.
You didn't know any spells.
Your spell library contained the following spells:

 Spells                   Type           Power      Damage    Failure   Level
 Shock                    Conj/Air       0%         1d3       100%        1
 Static Discharge         Conj/Air       0%         N/A       100%        2
 Swiftness                Air            0%         N/A       100%        3
 Airstrike                Air            0%         N/A       100%        4
 Lightning Bolt           Conj/Air       0%         1d11      100%        5


Dungeon Overview and Level Annotations

Branches:
Dungeon (5/15)             Temple (0/1) D:5

Altars:
Trog

Annotations:
D:2 Sigmund


Innate Abilities, Weirdness & Mutations

You have a pair of horns on your head.
You reflexively headbutt those who attack you in melee.
You are agile. (Dex +2)
You are robust. (+10% HP)


Message History

The water moccasin is lightly wounded.
The water moccasin bites you.
You are poisoned.
The water moccasin poisons you!
You hit the water moccasin. You headbutt the water moccasin.
The water moccasin is heavily wounded.
You feel very sick. The water moccasin closely misses you.
The water moccasin barely misses you. You furiously retaliate!
You headbutt the water moccasin.
You are too injured to fight recklessly!
You enter the shallow water.
Moving in this stuff is going to be slow.
You feel very sick. The water moccasin bites you. x2
* * * LOW HITPOINT WARNING * * *
Found a papyrus book.
Okay, then.
You feel sick. The water moccasin bites you.
* * * LOW HITPOINT WARNING * * *
You are lethally poisoned!
The water moccasin poisons you!
You feel better. The water moccasin bites you. The water moccasin bites you!
* * * LOW HITPOINT WARNING * * *
You are lethally poisoned!
The water moccasin poisons you!
It was a potion of mutation.
You feel extremely strange.
You feel agile.
You feel robust.
* * * LOW HITPOINT WARNING * * *
You feel very sick. The water moccasin bites you.
* * * LOW HITPOINT WARNING * * *
You closely miss the water moccasin. You headbutt the water moccasin!
The water moccasin is almost dead.
* * * LOW HITPOINT WARNING * * *
You feel very sick.
The water moccasin bites you but does no damage.
You closely miss the water moccasin.
Your headbutt misses the water moccasin.
The water moccasin is almost dead.
You die...

.) ..
#....###.....##
#.#..#≈≈≈≈≈≈≈≈≈
#.#..#≈#.....#≈
#.##..≈.......≈
#.##..≈......:≈
#.##..≈.[.>...≈
#.###.#...S.......≈
#....<....≈@......≈
########.#≈#...).#≈
...#≈≈≈≈≈≈≈≈≈
#....###.....##
#..[.. .......
#..... .#####.
#...... ## #......


You could see a water moccasin.

Vanquished Creatures
  A bullfrog zombie (D:5)
  A jelly (D:5)
  Jessica (D:3)
  Natasha (thrice) (D:2)
  8 gnolls
  An adder (D:2)
  An adder skeleton (D:4)
  4 dart slugs (D:1)
  2 worms
  3 orcs (D:4)
  3 ball pythons
  7 endoplasms
  A giant cockroach (D:4)
  4 goblins
  5 hobgoblins
  17 jackals
  2 quokkas (D:1)
  6 bats
  A frilled lizard (D:1)
  5 kobolds
  5 rats
81 creatures vanquished.

Vanquished Creatures (collateral kills)
  A quokka (D:1)
1 creature vanquished.

Vanquished Creatures (others)
  3 withered plants (D:1)
3 creatures vanquished.

Grand Total: 85 creatures vanquished

Notes
Turn   | Place    | Note
-------+----------+-------------------------------------------
     0 | D:1      | leviel the Minotaur Monk began the quest for the Orb.
     0 | D:1      | Reached XP level 1. HP: 19/19 MP: 0/0
   179 | D:1      | Reached skill level 4 in Axes
   179 | D:1      | Reached XP level 2. HP: 27/27 MP: 1/1
   583 | D:1      | Reached XP level 3. HP: 33/33 MP: 2/2
   758 | D:1      | Found a faded altar of an unknown god.
  1251 | D:2      | Noticed Natasha
  1260 | D:2      | Killed Natasha
  1261 | D:2      | Reached skill level 5 in Axes
  1261 | D:2      | Reached XP level 4. HP: 39/41 MP: 3/3
  1262 | D:2      | Noticed Sigmund
  1509 | D:2      | Noticed Natasha
  1524 | D:2      | Killed Natasha
  1871 | D:2      | Noticed Natasha
  1878 | D:2      | Killed Natasha
  1879 | D:2      | Reached XP level 5. HP: 34/47 MP: 4/4
  2036 | D:2      | Found a bloodstained altar of Trog.
  2690 | D:3      | Noticed Jessica
  2701 | D:3      | Killed Jessica
  2702 | D:3      | Reached skill level 5 in Fighting
  2702 | D:3      | Reached skill level 6 in Axes
  3116 | D:4      | Reached XP level 6. HP: 54/56 MP: 5/5
  3320 | D:5      | Entered Level 5 of the Dungeon
  3325 | D:5      | Found a staircase to the Ecumenical Temple.
  3331 | D:5      | Noticed a water moccasin
  3341 | D:5      | Gained mutation: You are agile. (Dex +2) [potion of
                  | mutation]
  3341 | D:5      | Gained mutation: You are robust. (+10% HP) [potion of
                  | mutation]
  3342 | D:5      | HP: 2/61 [poisoned by a water moccasin]
  3343 | D:5      | Succumbed to a water moccasin's poison

Illustrated notes

Levels and vault maps discovered:
D:1:      evilmike_arrival_rings, layout_loops_ring,
          ebering_ecumenical_altar_petrified, minmay_tetromino_s2
D:2:      layout_rooms, basic_altar, chequers_serial_rivers_large_a,
          uniq_natasha, uniq_sigmund
D:3:      layout_loops_cross, serial_shops, shop_statue, serial_park_tiny_1,
          uniq_jessica
D:4:      minmay_chambers_of_threes, layout_loops_ring, grunt_gozag_breadcrumbs,
          lemuel_crystal_altar, amethyst_killhole, uniq_ijyb, uniq_robin
D:5:      layout_basic, minmay_temple_entry_water_ring, uniq_grinder

Skill      XL: |  1  2  3  4  5 |
---------------+----------------+-----
Axes           | 4 5 6 |  6.6
Fighting       | 4 5 |  5.3
Dodging        | 4 |  4.8
Stealth        | |  1.5

Action                   |  1- 3 |  4- 6 || total
-------------------------+-------+-------++-------
Melee: Hand axe          |    78 |   137 ||   215
       Headbutt          |    11 |    25 ||    36
  Use: Scroll            |     4 |     1 ||     5
       Potion            |       |     2 ||     2
 Stab: Sleeping          |     5 |       ||     5
Armor: Robe              |    20 |     9 ||    29
       Chain mail        |       |    57 ||    57
Dodge: Dodged            |    64 |    67 ||   131

Table legend: (Time is in decaauts)
 A = Elapsed time spent in this place.
 B = Non-inter-level travel time spent in this place.
 C = Inter-level travel time spent in this place.
 D = Time resting spent in this place.
 E = Time spent auto-exploring this place.
 F = Levels seen in this place.
 G = Mean time per level.
                   A        B        C        D        E       F      G
               +--------+--------+--------+--------+--------+-----+--------+
         Total |   3353 |   3211 |    142 |    802 |   1861 |   5 |  670.6 |
       Dungeon |   3353 |   3211 |    142 |    802 |   1861 |   5 |  670.6 |
               +--------+--------+--------+--------+--------+-----+--------+

Top non-repeatable levels by time:
     D:1: 1700 daAuts
     D:3: 788 daAuts
     D:2: 500 daAuts
     D:4: 341 daAuts
     D:5: 23 daAuts
